 Dungeon Crawl Stone Soup version 0.21-a0-314-gb3271ec (webtiles) character file.

58 Hasart the Skirmisher (level 3, -7/30 HPs)
             Began as a Mummy Fighter on Sept 29, 2017.
             Mangled by a gnoll
             ... wielding a +0 halberd
              (9 damage)
             ... on level 3 of the Dungeon.
             The game lasted 00:03:03 (1519 turns).

Hasart the Skirmisher (Mummy Fighter)               Turns: 1519, Time: 00:03:04

Health: -7/30      AC:  6    Str: 20    XL:     3   Next: 76%
Magic:  3/3        EV:  7    Int:  7    God:
Gold:   17         SH:  8    Dex: 11    Spells: 2/2 levels left

rFire    x . .     SeeInvis .   a - +0 long sword
rCold    + . .     Gourm    .   c - +0 shield
rNeg     + + +     Faith    .   b - +0 scale mail
rPois    ∞         Spirit   .   (no helmet)
rElec    .         Reflect  .   (no cloak)
rCorr    .         Harm     .   (no gloves)
MR       .....                  (no boots)
Stlth    ..........             (no amulet)
HPRegen  0.10/turn              (no ring)
MPRegen  0.08/turn              (no ring)

@: no status effects
A: no food or potions, fire vulnerability, cold resistance 1, negative energy
resistance 3, torment resistance, unbreathing
a: no special abilities


You were on level 3 of the Dungeon.
You were not hungry.

You visited 1 branch of the dungeon, and saw 3 of its levels.

You collected 17 gold pieces.

Inventory:

Hand Weapons
 a - a +0 long sword (weapon)
Armour
 b - a +0 scale mail (worn)
 c - a +0 shield (worn)
Scrolls
 d - a scroll of random uselessness {unknown}
 e - 3 scrolls of identify {unknown}
 f - a scroll of teleportation {unknown}


   Skills:
 + Level 3.9 Fighting
 * Level 2.6 Long Blades
 - Level 2.4 Armour
 - Level 2.4 Shields


You had 2 spell levels left.
You didn't know any spells.

Dungeon Overview and Level Annotations

Branches:
Dungeon (3/15)

Altars:
Uskayaw


Innate Abilities, Weirdness & Mutations

You do not eat or drink.
Your flesh is vulnerable to fire.
You are immune to poison.
Your flesh is cold resistant. (rC+)
You are immune to negative energy. (rN+++)
You are immune to unholy pain and torment.
You can survive without breathing.


Message History

The gnoll barely misses you. The gnoll hits you with a halberd!
* * * LOW HITPOINT WARNING * * *
You climb downwards.
There is a stone staircase leading up here.
Unknown command.
You hit the gnoll.
The gnoll is almost dead.
The gnoll hits you with a halberd!
* * * LOW HITPOINT WARNING * * *
You closely miss the gnoll.
The gnoll is almost dead.
The gnoll hits you but does no damage.
You closely miss the gnoll.
The gnoll is severely wounded.
The gnoll closely misses you.
You hit the gnoll.
The gnoll is almost dead.
The gnoll hits you with a halberd!
You die...

.............#>.#
()..........#..#
...........#...
#..........##.#
#<.........##.#
#).........##.#
#.............# #
...#.#.......#######.###
##.#.#####......@g.....#
#...........#########.#
###.........#
###########


You could see a gnoll.

Vanquished Creatures
  2 gnolls (D:3)
  An ooze (D:1)
  A dart slug (D:1)
  3 leopard geckos (D:1)
  A giant cockroach (D:2)
  3 goblins (D:1)
  3 hobgoblins
  2 jackals (D:1)
  A kobold (D:3)
  4 bats (D:1)
  4 frilled lizards
  6 rats
31 creatures vanquished.

Vanquished Creatures (others)
  An adder (D:3)
1 creature vanquished.

Grand Total: 32 creatures vanquished

Notes
Turn   | Place    | Note
-------+----------+-------------------------------------------
     0 | D:1      | Hasart the Mummy Fighter began the quest for the Orb.
     0 | D:1      | Reached XP level 1. HP: 18/18 MP: 1/1
   235 | D:1      | Reached XP level 2. HP: 24/24 MP: 2/2
   432 | D:1      | Reached XP level 3. HP: 28/29 MP: 3/3
   876 | D:2      | Found a hide-covered altar of Uskayaw.
   886 | D:2      | Noticed a dagger
   886 | D:2      | Noticed a hand axe
  1519 | D:3      | Mangled by a gnoll

Vault maps used:
D:1:      scummos_arrival_simple_crosswalls, kennysheep_boxes
D:2:      dancing_weapons_uskayaw, minitemple, guppyfry_early_lair_pool
D:3:      old_standard_altar, chequers_ecumenical_altar_island,
          kennysheep_decorative_pillar, grunt_qazlal_clouds

Skill      XL: |  1  2 |
---------------+-------+-----
Long Blades    | 2 |  2.6
Fighting       | |  3.9
Armour         | |  2.4
Shields        | |  2.4

Action                   || total
-------------------------++-------
Melee: Long sword        ||   112
Armor: Scale mail        ||    53
Dodge: Dodged            ||    36
Block: Shield            ||    54
       Rpst.: Long sword ||     8

Table legend:
 A = Spawn XP
 B = Non-spawn XP
 C = Spawn XP percentage of total XP
 D = Spawn monster count
 E = Non-spawn monster count
 F = Spawn count percentage of total count
 G = Total turns spent on level
                    A         B        C        D         E        F      G
               +---------+---------+-------+---------+---------+-------+---------
         Total |       0 |      84 |   0.0 |       0 |      31 |   0.0 |  1519
               +---------+---------+-------+---------+---------+-------+---------
           D:1 |       0 |      47 |   0.0 |       0 |      24 |   0.0 |  1088
           D:2 |       0 |       5 |   0.0 |       0 |       3 |   0.0 |   101
           D:3 |       0 |      32 |   0.0 |       0 |       4 |   0.0 |   330
               +---------+---------+-------+---------+---------+-------+---------
